[ AOE2 MATCH · #479124492 ]
Team RMTeutons vs Vikings
[ REPLAY ANALYSIS · EXTRACTED FROM THE RECORDED GAME ]
Feudal
15:50
Castle
23:04
Imperial
39:09
| APM avg | 29.5 |
| APM peak | 111 |
| eAPM avg | 22.8 |
| Villagers / military | 184 / 239 |
Focus
⚔️ 38.4% · 🌾 61.6%
Knight ×115 · Teutonic Knight ×39 · Scout Cavalry ×16 · Fire Galley ×14 · Demolition Raft ×11 · Archer ×7
Feudal
—
Castle
—
Imperial
—
| APM avg | 14.2 |
| APM peak | 66 |
| eAPM avg | 8.8 |
| Villagers / military | 118 / 157 |
Focus
⚔️ 42.6% · 🌾 57.4%
Longboat ×51 · Spearman ×37 · Cannon Galleon ×25 · Scorpion ×17 · Skirmisher ×10 · Fishing Ship ×8
Feudal
13:37
Castle
20:35
Imperial
51:08
| APM avg | 30.7 |
| APM peak | 91 |
| eAPM avg | 14.4 |
| Villagers / military | 110 / 147 |
Focus
⚔️ 38.0% · 🌾 62.0%
Woad Raider ×100 · Fishing Ship ×51 · Spearman ×19 · Fire Galley ×16 · Unknown (2626) ×12 · Knight ×7
Feudal
—
Castle
—
Imperial
—
| APM avg | 15.9 |
| APM peak | 54 |
| eAPM avg | 13.1 |
| Villagers / military | 127 / 320 |
Focus
⚔️ 56.7% · 🌾 43.3%
Militia ×203 · Spearman ×53 · Huskarl ×24 · Galley ×15 · Fishing Ship ×14 · Unknown (1795) ×12
Match map
Initial resources + every placement click. Lines = walls · curves = elevation contours. ◆ gold · ⬟ stone · ● berries · ✦ relic · ◌ wall gap
Your base· ✓ Map-separated
bluekhezzy's base· ✓ Map-separated
EL SANTO PADRE EL ORIGINAL's base· ✓ Map-separated
Halapeano's base· ✓ Map-separated
Smoothed initial terrain · ◌ = detected wall gap · hover for details
Inputs per minute
— Leon S. Kennedy - - bluekhezzy
Build order — Leon S. Kennedy
First 150 of 656 actions detected
| 0:08 | Research | Loom |
| 0:09 | Create | Villager (Male) |
| 0:09 | Create | Villager (Male) |
| 0:09 | Create | Villager (Male) |
| 0:09 | Create | Villager (Male) |
| 0:09 | Create | Villager (Male) |
| 0:23 | Build | House |
| 0:24 | Build | House |
| 0:25 | Build | House |
| 2:13 | Create | Villager (Male) |
| 3:28 | Create | Villager (Male) |
| 3:29 | Create | Villager (Male) |
| 3:29 | Create | Villager (Male) |
| 4:28 | Create | Villager (Male) |
| 4:29 | Create | Villager (Male) |
| 4:29 | Create | Villager (Male) |
| 5:00 | Create | Villager (Male) |
| 5:00 | Create | Villager (Male) |
| 6:35 | Create | Villager (Male) |
| 6:35 | Create | Villager (Male) |
| 6:35 | Create | Villager (Male) |
| 6:53 | Create | Villager (Male) |
| 7:14 | Build | Lumber Camp |
| 7:15 | Create | Villager (Male) |
| 7:15 | Create | Villager (Male) |
| 7:34 | Build | Dock |
| 7:35 | Create | Villager (Male) |
| 7:36 | Create | Villager (Male) |
| 7:42 | Create | Villager (Male) |
| 7:42 | Create | Villager (Male) |
| 8:10 | Create | Villager (Male) |
| 8:10 | Create | Villager (Male) |
| 8:11 | Create | Villager (Male) |
| 8:24 | Create | Villager (Male) |
| 8:24 | Create | Villager (Male) |
| 9:27 | Build | House |
| 9:29 | Create | Fishing Ship |
| 9:29 | Create | Fishing Ship |
| 9:29 | Create | Fishing Ship |
| 9:29 | Create | Fishing Ship |
| 9:30 | Create | Fishing Ship |
| 9:57 | Create | Villager (Male) |
| 9:57 | Create | Villager (Male) |
| 10:05 | Build | House |
| 10:19 | Create | Villager (Male) |
| 10:19 | Create | Villager (Male) |
| 10:20 | Create | Villager (Male) |
| 10:20 | Create | Villager (Male) |
| 10:20 | Create | Villager (Male) |
| 10:21 | Create | Villager (Male) |
| 10:30 | Build | Mill |
| 11:20 | Build | Mining Camp |
| 11:45 | Build | House |
| 11:46 | Build | House |
| 12:52 | Build | Mining Camp |
| 13:04 | Create | Fishing Ship |
| 13:04 | Create | Fishing Ship |
| 13:08 | Research | Feudal Age |
| 14:16 | Build | Barracks |
| 14:55 | Build | House |
| 14:57 | Build | House |
| 15:50 | Age | Feudal Age |
| 15:56 | Build | Watch Tower |
| 16:08 | Build | Stable |
| 16:16 | Create | Villager (Male) |
| 16:16 | Create | Villager (Male) |
| 16:16 | Create | Villager (Male) |
| 16:49 | Build | Farm |
| 16:50 | Build | Farm |
| 16:50 | Build | Farm |
| 16:50 | Build | Farm |
| 16:51 | Build | Farm |
| 16:51 | Build | Farm |
| 16:51 | Build | Farm |
| 16:52 | Build | Farm |
| 16:52 | Build | Farm |
| 16:52 | Build | Farm |
| 16:54 | Build | Farm |
| 16:54 | Build | Farm |
| 16:55 | Build | Farm |
| 17:00 | Create | Villager (Male) |
| 17:00 | Create | Villager (Male) |
| 17:09 | Create | Scout Cavalry |
| 17:09 | Create | Scout Cavalry |
| 17:10 | Create | Scout Cavalry |
| 17:10 | Create | Scout Cavalry |
| 17:10 | Create | Scout Cavalry |
| 17:11 | Create | Scout Cavalry |
| 17:11 | Create | Scout Cavalry |
| 17:11 | Create | Scout Cavalry |
| 17:25 | Build | Watch Tower |
| 18:01 | Create | Villager (Male) |
| 18:02 | Create | Villager (Male) |
| 18:58 | Build | Blacksmith |
| 19:19 | Build | Stable |
| 19:22 | Create | Villager (Male) |
| 19:23 | Create | Villager (Male) |
| 19:58 | Build | Market |
| 20:21 | Build | Stable |
| 20:24 | Research | Castle Age |
| 20:27 | Research | Scale Barding Armor |
| 20:27 | Research | Scale Mail Armor |
| 20:31 | Create | Militia |
| 21:00 | Research | Horse Collar |
| 21:20 | Build | Archery Range |
| 21:22 | Research | Bloodlines |
| 21:49 | Research | Double-Bit Axe |
| 22:10 | Research | Man-at-Arms (upgrade) |
| 22:53 | Research | Fletching |
| 22:54 | Research | Forging |
| 23:04 | Age | Castle Age |
| 23:12 | Create | Cavalry Archer |
| 23:12 | Create | Cavalry Archer |
| 23:13 | Create | Cavalry Archer |
| 23:13 | Create | Cavalry Archer |
| 23:13 | Create | Cavalry Archer |
| 23:15 | Create | Knight |
| 23:16 | Create | Knight |
| 23:16 | Create | Knight |
| 23:37 | Create | Knight |
| 23:37 | Create | Knight |
| 23:37 | Create | Knight |
| 24:03 | Create | Knight |
| 24:03 | Create | Knight |
| 24:11 | Create | Fire Galley |
| 24:12 | Create | Fire Galley |
| 24:13 | Create | Villager (Male) |
| 24:13 | Create | Villager (Male) |
| 24:14 | Create | Villager (Male) |
| 24:18 | Build | House |
| 24:19 | Build | House |
| 24:19 | Build | House |
| 24:20 | Build | House |
| 24:21 | Build | House |
| 24:22 | Build | House |
| 24:24 | Build | House |
| 24:46 | Create | Villager (Male) |
| 24:47 | Create | Villager (Male) |
| 24:47 | Create | Villager (Male) |
| 25:15 | Build | Mill |
| 25:25 | Create | Knight |
| 25:25 | Create | Knight |
| 25:25 | Create | Knight |
| 25:28 | Create | Villager (Male) |
| 25:28 | Create | Villager (Male) |
| 25:52 | Create | Villager (Male) |
| 25:52 | Create | Villager (Male) |
| 25:52 | Create | Villager (Male) |
| 26:54 | Build | Monastery |
| 26:56 | Create | Villager (Male) |
Build order — bluekhezzy
First 150 of 389 actions detected
| 0:02 | Create | Villager (Male) ×4 |
| 0:02 | Create | Villager (Male) |
| 0:04 | Build | House |
| 0:06 | Build | House |
| 1:32 | Create | Villager (Male) |
| 2:07 | Research | Loom |
| 2:09 | Create | Villager (Male) |
| 2:41 | Create | Villager (Male) |
| 3:14 | Create | Villager (Male) |
| 3:56 | Create | Villager (Male) |
| 3:56 | Create | Villager (Male) |
| 4:27 | Create | Villager (Male) |
| 4:35 | Build | Mill |
| 6:12 | Create | Villager (Male) |
| 6:14 | Create | Villager (Male) |
| 6:34 | Build | Lumber Camp |
| 6:40 | Create | Villager (Male) |
| 6:56 | Build | House |
| 7:01 | Build | House |
| 7:30 | Create | Villager (Male) |
| 7:30 | Create | Villager (Male) |
| 7:31 | Create | Villager (Male) |
| 7:31 | Create | Villager (Male) |
| 7:32 | Create | Villager (Male) |
| 7:33 | Create | Villager (Male) |
| 8:23 | Create | Villager (Male) |
| 9:23 | Create | Villager (Male) |
| 9:51 | Build | Mining Camp |
| 10:34 | Create | Villager (Male) |
| 10:49 | Research | Feudal Age |
| 11:09 | Build | Dock |
| 12:28 | Build | Mill |
| 12:38 | Create | Fishing Ship |
| 13:14 | Create | Fishing Ship |
| 13:15 | Create | Fishing Ship |
| 13:26 | Build | House |
| 13:28 | Build | House |
| 13:55 | Create | Fishing Ship |
| 14:12 | Build | House |
| 14:15 | Build | House |
| 15:36 | Build | House |
| 15:46 | Build | Blacksmith |
| 15:50 | Create | Villager (Male) |
| 15:50 | Create | Villager (Male) |
| 16:02 | Build | Market |
| 16:42 | Build | Mill |
| 16:56 | Create | Fishing Ship |
| 17:28 | Build | Barracks |
| 18:44 | Research | Castle Age |
| 19:00 | Build | Lumber Camp |
| 19:07 | Build | Mill |
| 19:28 | Build | Mining Camp |
| 19:59 | Create | Fishing Ship |
| 20:01 | Create | Fishing Ship |
| 20:02 | Create | Fishing Ship |
| 20:08 | Create | Villager (Male) |
| 20:09 | Create | Villager (Male) |
| 20:10 | Create | Villager (Male) |
| 20:11 | Create | Villager (Male) |
| 20:11 | Create | Villager (Male) |
| 20:35 | Create | Spearman |
| 20:36 | Create | Spearman |
| 20:37 | Create | Spearman |
| 21:17 | Build | Dock |
| 22:19 | Create | Longboat |
| 22:20 | Create | Longboat |
| 22:27 | Create | Longboat |
| 22:27 | Create | Longboat |
| 22:32 | Create | Longboat |
| 22:52 | Research | Tech 906 |
| 22:58 | Create | Villager (Male) |
| 22:58 | Create | Villager (Male) |
| 23:09 | Create | Villager (Male) |
| 23:10 | Create | Villager (Male) |
| 23:10 | Create | Villager (Male) |
| 23:10 | Create | Villager (Male) |
| 23:30 | Research | Gillnets |
| 23:54 | Build | House |
| 23:56 | Build | House |
| 23:58 | Build | House |
| 23:59 | Build | House |
| 24:01 | Build | House |
| 24:04 | Build | House |
| 24:13 | Build | House |
| 24:17 | Build | House |
| 24:55 | Build | Town Center |
| 25:07 | Create | Spearman |
| 25:07 | Create | Spearman |
| 25:08 | Create | Spearman |
| 25:33 | Build | Town Center |
| 25:46 | Build | Barracks |
| 25:56 | Create | Villager (Male) |
| 26:16 | Build | Archery Range |
| 27:31 | Create | Spearman |
| 27:31 | Create | Spearman |
| 27:32 | Create | Spearman |
| 27:32 | Create | Spearman |
| 27:43 | Build | Dock |
| 28:14 | Research | Pikeman (upgrade) |
| 28:18 | Research | Squires |
| 28:21 | Create | Spearman |
| 28:52 | Build | Lumber Camp |
| 30:10 | Create | Transport Ship |
| 30:27 | Create | Spearman |
| 30:28 | Create | Spearman |
| 30:28 | Create | Spearman |
| 30:29 | Create | Spearman |
| 31:28 | Create | Spearman |
| 31:28 | Create | Spearman |
| 31:29 | Create | Spearman |
| 31:29 | Create | Spearman |
| 32:16 | Build | Castle |
| 32:23 | Create | Spearman |
| 32:24 | Create | Spearman |
| 32:24 | Create | Spearman |
| 33:02 | Build | Town Center |
| 33:13 | Create | Villager (Male) |
| 33:13 | Create | Villager (Male) |
| 33:14 | Create | Villager (Male) |
| 33:14 | Create | Villager (Male) |
| 33:18 | Create | Spearman |
| 33:18 | Create | Spearman |
| 33:19 | Create | Spearman |
| 33:20 | Create | Spearman |
| 33:20 | Create | Spearman |
| 33:37 | Create | Villager (Male) |
| 33:38 | Create | Villager (Male) |
| 34:06 | Create | Villager (Male) |
| 34:07 | Create | Villager (Male) |
| 34:44 | Build | Farm |
| 34:52 | Build | Lumber Camp |
| 35:14 | Create | Villager (Male) |
| 35:25 | Build | Farm |
| 35:30 | Build | Farm |
| 35:50 | Create | Villager (Male) |
| 35:50 | Create | Villager (Male) |
| 36:03 | Create | Villager (Male) |
| 36:03 | Create | Villager (Male) |
| 36:27 | Build | Outpost |
| 36:30 | Build | Outpost |
| 36:33 | Build | Outpost |
| 36:40 | Build | Outpost |
| 36:45 | Build | Outpost |
| 36:47 | Build | Outpost |
| 36:52 | Build | Outpost |
| 36:55 | Build | Outpost |
| 36:58 | Build | Outpost |
| 37:01 | Build | Outpost |
| 37:05 | Build | Outpost |
| 37:08 | Build | Outpost |
Build order — EL SANTO PADRE EL ORIGINAL
First 150 of 445 actions detected
| 0:02 | Create | Villager (Male) |
| 0:02 | Create | Villager (Male) |
| 0:02 | Create | Villager (Male) |
| 0:02 | Create | Villager (Male) |
| 0:03 | Create | Villager (Male) |
| 0:06 | Build | House |
| 0:08 | Build | House |
| 0:38 | Research | Loom |
| 1:38 | Create | Villager (Male) |
| 2:24 | Create | Villager (Male) |
| 2:24 | Create | Villager (Male) |
| 2:24 | Create | Villager (Male) |
| 2:44 | Build | Lumber Camp |
| 3:01 | Build | House |
| 3:03 | Build | House |
| 3:13 | Create | Villager (Male) |
| 3:13 | Create | Villager (Male) |
| 3:17 | Create | Villager (Male) |
| 3:54 | Create | Villager (Male) |
| 3:54 | Create | Villager (Male) |
| 4:29 | Create | Villager (Male) |
| 4:30 | Create | Villager (Male) |
| 4:54 | Create | Villager (Male) |
| 5:20 | Create | Villager (Male) |
| 5:20 | Create | Villager (Male) |
| 5:20 | Create | Villager (Male) |
| 5:43 | Build | Dock |
| 6:21 | Create | Villager (Male) |
| 6:22 | Create | Villager (Male) |
| 6:22 | Create | Villager (Male) |
| 6:40 | Create | Villager (Male) |
| 6:40 | Create | Villager (Male) |
| 6:40 | Create | Villager (Male) |
| 6:41 | Create | Villager (Male) |
| 6:41 | Create | Villager (Male) |
| 7:17 | Build | Dock |
| 7:40 | Build | Dock |
| 7:51 | Create | Fishing Ship |
| 8:16 | Create | Fishing Ship |
| 8:28 | Create | Fishing Ship |
| 8:46 | Create | Fishing Ship |
| 8:47 | Create | Fishing Ship |
| 9:00 | Build | House |
| 9:09 | Create | Fishing Ship |
| 9:10 | Create | Fishing Ship |
| 9:27 | Create | Fishing Ship |
| 9:27 | Create | Fishing Ship |
| 9:32 | Build | House |
| 9:40 | Create | Fishing Ship |
| 9:41 | Create | Fishing Ship |
| 9:43 | Create | Fishing Ship |
| 9:43 | Create | Fishing Ship |
| 9:59 | Create | Fishing Ship |
| 9:59 | Create | Fishing Ship |
| 10:08 | Create | Fishing Ship |
| 10:09 | Create | Fishing Ship |
| 10:18 | Create | Fishing Ship |
| 10:18 | Create | Fishing Ship |
| 10:32 | Create | Fishing Ship |
| 10:33 | Create | Fishing Ship |
| 10:40 | Build | House |
| 10:47 | Create | Fishing Ship |
| 10:48 | Create | Fishing Ship |
| 10:56 | Create | Fishing Ship |
| 11:20 | Create | Fishing Ship |
| 11:20 | Create | Fishing Ship |
| 11:21 | Create | Fishing Ship |
| 11:27 | Research | Feudal Age |
| 11:44 | Create | Fishing Ship |
| 11:45 | Create | Fishing Ship |
| 11:45 | Create | Fishing Ship |
| 12:17 | Build | Barracks |
| 12:35 | Create | Fishing Ship |
| 12:36 | Create | Fishing Ship |
| 12:36 | Create | Fishing Ship |
| 12:40 | Build | House |
| 12:41 | Build | House |
| 12:55 | Build | Mining Camp |
| 13:00 | Create | Villager (Male) |
| 13:00 | Create | Villager (Male) |
| 13:01 | Create | Villager (Male) |
| 13:01 | Create | Villager (Male) |
| 13:01 | Create | Villager (Male) |
| 13:01 | Create | Villager (Male) |
| 13:02 | Create | Villager (Male) |
| 13:02 | Create | Villager (Male) |
| 13:02 | Create | Villager (Male) |
| 13:37 | Age | Feudal Age |
| 13:55 | Build | Blacksmith |
| 14:04 | Create | Fishing Ship |
| 14:05 | Create | Fishing Ship |
| 14:05 | Create | Fishing Ship |
| 14:19 | Create | Spearman |
| 14:20 | Create | Spearman |
| 14:20 | Create | Spearman |
| 14:34 | Research | Double-Bit Axe |
| 14:37 | Create | Spearman |
| 14:37 | Create | Spearman |
| 15:12 | Build | Stable |
| 15:48 | Build | Stable |
| 15:56 | Research | Scale Mail Armor |
| 16:04 | Build | Lumber Camp |
| 16:37 | Build | House |
| 17:05 | Build | Watch Tower |
| 17:31 | Create | Spearman |
| 17:31 | Create | Spearman |
| 17:31 | Create | Spearman |
| 17:32 | Create | Spearman |
| 17:32 | Create | Spearman |
| 17:32 | Create | Spearman |
| 17:33 | Create | Spearman |
| 17:33 | Create | Spearman |
| 17:33 | Create | Spearman |
| 17:34 | Create | Spearman |
| 17:55 | Research | Castle Age |
| 19:01 | Build | House |
| 19:03 | Build | House |
| 19:11 | Research | Forging |
| 19:14 | Create | Spearman |
| 19:15 | Create | Spearman |
| 19:15 | Create | Spearman |
| 19:15 | Create | Spearman |
| 20:14 | Build | Mining Camp |
| 20:35 | Age | Castle Age |
| 20:40 | Create | Knight |
| 20:40 | Create | Knight |
| 20:40 | Create | Knight |
| 20:51 | Create | Fishing Ship |
| 20:51 | Create | Fishing Ship |
| 20:51 | Create | Fishing Ship |
| 20:51 | Create | Fishing Ship |
| 20:52 | Create | Fishing Ship |
| 20:52 | Create | Fishing Ship |
| 20:52 | Create | Fishing Ship |
| 20:52 | Create | Fishing Ship |
| 20:52 | Create | Fishing Ship |
| 21:21 | Create | Knight |
| 21:21 | Create | Knight |
| 21:25 | Create | Villager (Male) |
| 21:25 | Create | Villager (Male) |
| 21:25 | Create | Villager (Male) |
| 21:42 | Create | Knight |
| 22:03 | Build | House |
| 22:04 | Build | House |
| 22:53 | Build | Mining Camp |
| 23:21 | Create | Villager (Male) |
| 23:21 | Create | Villager (Male) |
| 23:21 | Create | Villager (Male) |
| 23:21 | Create | Villager (Male) |
| 23:36 | Research | Stone Mining |
Build order — Halapeano
First 150 of 668 actions detected
| 0:03 | Research | Loom |
| 0:04 | Create | Villager (Male) |
| 0:05 | Create | Villager (Male) |
| 0:05 | Create | Villager (Male) |
| 0:05 | Create | Villager (Male) |
| 0:06 | Create | Villager (Male) |
| 0:09 | Build | House |
| 0:11 | Build | House |
| 1:36 | Create | Villager (Male) |
| 2:20 | Create | Villager (Male) |
| 2:31 | Build | Dock |
| 2:47 | Create | Villager (Male) |
| 3:10 | Create | Villager (Male) |
| 3:33 | Create | Villager (Male) |
| 3:57 | Create | Villager (Male) |
| 4:20 | Create | Fishing Ship |
| 4:24 | Create | Villager (Male) |
| 4:49 | Create | Villager (Male) |
| 5:14 | Create | Villager (Male) |
| 5:18 | Build | House |
| 5:34 | Create | Fishing Ship |
| 5:51 | Create | Villager (Male) |
| 6:22 | Build | Lumber Camp |
| 6:27 | Create | Villager (Male) |
| 6:47 | Create | Villager (Male) |
| 7:09 | Create | Villager (Male) |
| 7:26 | Create | Fishing Ship |
| 7:41 | Create | Villager (Male) |
| 7:46 | Build | House |
| 7:56 | Create | Fishing Ship |
| 8:03 | Build | House |
| 8:42 | Build | Mill |
| 8:48 | Create | Villager (Male) |
| 8:56 | Create | Fishing Ship |
| 9:13 | Create | Villager (Male) |
| 9:25 | Research | Feudal Age |
| 9:58 | Build | Mining Camp |
| 10:36 | Build | Barracks |
| 10:47 | Create | Villager (Male) |
| 10:56 | Build | Farm |
| 10:56 | Build | Farm |
| 10:56 | Build | Farm |
| 11:22 | Build | House |
| 11:23 | Build | House |
| 11:37 | Create | Militia |
| 11:38 | Create | Militia |
| 11:39 | Create | Militia |
| 11:40 | Create | Militia |
| 11:40 | Create | Militia |
| 11:49 | Create | Fishing Ship |
| 12:10 | Create | Villager (Male) |
| 12:12 | Build | Farm |
| 12:17 | Research | Man-at-Arms (upgrade) |
| 12:33 | Research | Double-Bit Axe |
| 12:45 | Build | House |
| 12:48 | Create | Villager (Male) |
| 13:06 | Build | Farm |
| 13:10 | Create | Militia |
| 13:12 | Create | Militia |
| 13:15 | Create | Villager (Male) |
| 13:24 | Build | Farm |
| 13:32 | Build | Farm |
| 13:42 | Create | Villager (Male) |
| 13:48 | Build | House |
| 14:07 | Build | Blacksmith |
| 14:13 | Create | Villager (Male) |
| 14:29 | Build | Farm |
| 14:37 | Create | Militia |
| 14:38 | Create | Villager (Male) |
| 14:57 | Build | Market |
| 15:03 | Create | Villager (Male) |
| 15:11 | Build | Farm |
| 15:31 | Create | Villager (Male) |
| 15:49 | Research | Scale Mail Armor |
| 15:55 | Create | Villager (Male) |
| 16:10 | Build | Lumber Camp |
| 16:12 | Build | House |
| 16:14 | Build | House |
| 16:16 | Build | House |
| 16:31 | Build | Barracks |
| 16:34 | Create | Villager (Male) |
| 16:58 | Create | Villager (Male) |
| 17:04 | Create | Demolition Raft |
| 17:06 | Create | Fishing Ship |
| 17:25 | Research | Castle Age |
| 17:34 | Build | Mining Camp |
| 17:38 | Build | House |
| 17:39 | Build | House |
| 17:51 | Build | House |
| 18:13 | Create | Militia |
| 18:13 | Create | Militia |
| 18:17 | Research | Forging |
| 18:46 | Build | Barracks |
| 18:53 | Create | Fishing Ship |
| 19:28 | Create | Fishing Ship |
| 19:36 | Build | Dock |
| 19:53 | Build | House |
| 20:06 | Research | Long Swordsman (upgrade) |
| 20:07 | Research | Squires |
| 20:09 | Research | Long Swordsman (upgrade) |
| 20:12 | Research | Long Swordsman (upgrade) |
| 20:13 | Create | Militia |
| 20:13 | Create | Militia |
| 20:14 | Create | Militia |
| 20:14 | Create | Militia |
| 20:15 | Create | Militia |
| 20:16 | Create | Militia |
| 20:17 | Create | Militia |
| 20:26 | Build | Siege Workshop |
| 20:28 | Create | Villager (Male) |
| 20:56 | Create | Villager (Male) |
| 21:28 | Create | Villager (Male) |
| 21:36 | Research | Pikeman (upgrade) |
| 21:41 | Build | House |
| 21:43 | Create | Villager (Male) |
| 21:51 | Create | Spearman |
| 21:51 | Create | Spearman |
| 21:52 | Create | Spearman |
| 21:53 | Create | Spearman |
| 21:53 | Create | Spearman |
| 21:55 | Create | Villager (Male) |
| 22:11 | Create | Fishing Ship |
| 22:24 | Create | Spearman |
| 22:25 | Create | Militia |
| 22:26 | Create | Militia |
| 22:41 | Research | Chain Mail Armor |
| 22:50 | Create | Villager (Male) |
| 23:18 | Create | Villager (Male) |
| 23:28 | Create | Spearman |
| 23:29 | Create | Spearman |
| 23:29 | Create | Militia |
| 23:30 | Create | Militia |
| 23:30 | Create | Militia |
| 23:31 | Create | Spearman |
| 23:32 | Create | Spearman |
| 23:32 | Create | Militia |
| 23:33 | Create | Spearman |
| 23:33 | Create | Spearman |
| 23:34 | Create | Militia |
| 23:45 | Create | Villager (Male) |
| 23:56 | Build | Castle |
| 24:03 | Research | Fletching |
| 24:08 | Build | Lumber Camp |
| 24:29 | Create | Villager (Male) |
| 24:38 | Create | Spearman |
| 24:39 | Create | Militia |
| 24:39 | Create | Militia |
| 24:40 | Create | Militia |
| 24:40 | Create | Militia |
| 24:41 | Create | Spearman |
Match timeline
| 2:31 | Halapeano · first_building Dock |
| 5:43 | EL SANTO PADRE EL ORIGINAL · first_building Dock |
| 7:34 | Leon S. Kennedy · first_building Dock |
| 10:36 | Halapeano · first_building Barracks |
| 11:09 | bluekhezzy · first_building Dock |
| 12:17 | EL SANTO PADRE EL ORIGINAL · first_building Barracks |
| 13:37 | EL SANTO PADRE EL ORIGINAL · age_up feudal |
| 14:16 | Leon S. Kennedy · first_building Barracks |
| 15:12 | EL SANTO PADRE EL ORIGINAL · first_building Stable |
| 15:50 | Leon S. Kennedy · age_up feudal |
| 16:08 | Leon S. Kennedy · first_building Stable |
| 17:28 | bluekhezzy · first_building Barracks |
| 20:26 | Halapeano · first_building Siege Workshop |
| 20:35 | EL SANTO PADRE EL ORIGINAL · age_up castle |
| 21:20 | Leon S. Kennedy · first_building Archery Range |
| 22:33 | Halapeano · first_market_buy 100 food |
| 23:04 | Leon S. Kennedy · age_up castle |
| 23:56 | Halapeano · first_building Castle |
| 25:01 | Leon S. Kennedy · tribute_sent a jugador 2 |
| 25:01 | Leon S. Kennedy · tribute_sent a jugador 3 |
| 25:01 | Leon S. Kennedy · tribute_sent a jugador 4 |
| 25:56 | EL SANTO PADRE EL ORIGINAL · first_building Castle |
| 26:16 | bluekhezzy · first_building Archery Range |
| 26:54 | Leon S. Kennedy · first_building Monastery |
| 28:15 | Leon S. Kennedy · first_building Castle |
| 28:39 | EL SANTO PADRE EL ORIGINAL · first_building Siege Workshop |
| 32:16 | bluekhezzy · first_building Castle |
| 32:48 | bluekhezzy · first_market_buy 100 wood |
| 33:35 | Halapeano · first_building Monastery |
| 35:24 | Leon S. Kennedy · tribute_sent a jugador 2 |
| 35:24 | Leon S. Kennedy · tribute_sent a jugador 3 |
| 35:24 | Leon S. Kennedy · tribute_sent a jugador 4 |
| 39:09 | Leon S. Kennedy · age_up imperial |
| 40:30 | Leon S. Kennedy · first_market_buy 100 wood |
| 40:42 | bluekhezzy · first_building Siege Workshop |
| 49:23 | Leon S. Kennedy · first_building Siege Workshop |
| 49:32 | Leon S. Kennedy · tribute_sent a jugador 2 |
| 49:32 | Leon S. Kennedy · tribute_sent a jugador 3 |
| 49:32 | Leon S. Kennedy · tribute_sent a jugador 4 |
| 51:08 | EL SANTO PADRE EL ORIGINAL · age_up imperial |
| 56:02 | bluekhezzy · first_building Monastery |
| 56:09 | Leon S. Kennedy · tribute_sent a jugador 2 |
| 56:09 | Leon S. Kennedy · tribute_sent a jugador 3 |
| 56:09 | Leon S. Kennedy · tribute_sent a jugador 4 |
| 65:11 | Halapeano · first_building Archery Range |
| 67:46 | Leon S. Kennedy · first_market_sell 100 wood |
| 68:35 | EL SANTO PADRE EL ORIGINAL · first_market_sell 500 wood |
| 74:33 | EL SANTO PADRE EL ORIGINAL · resign |
[ AI ANALYSIS · 1 CREDIT ]
What really happened in this match?
Wolo.gg analyzes every decision: build order, eco, micro, common mistakes by bracket. Personalized analysis on WhatsApp or Discord in 30 seconds.
Civ guide
Teutons
Map guide
Northern Isles
Perfil
EL_PUERCO_REDENTOR